 Dungeon Crawl Stone Soup version 0.31-a0-1009-g454b1f1e0a (webtiles) character file.

Game seed: 3405032051424195448

78 Queen the Magician (level 4, -1/30 HPs)
             Began as a Mummy Conjurer on Nov 16, 2023.
             Slain by an orc wizard
             ... wielding a +0 dagger
              (2 damage)
             ... on level 3 of the Dungeon.
             The game lasted 00:07:52 (3316 turns).

Queen the Magician (Mummy Conjurer)                 Turns: 3316, Time: 00:07:52

Health: -1/30      AC:  3    Str: 10    XL:     4   Next: 15%
Magic:  2/10       EV: 12    Int: 19    God:
Gold:   115        SH:  0    Dex: 10    Spells: 1/11 levels left

rFire   . . .        i - +0 quarterstaff
rCold   + . .        (shield currently unavailable)
rNeg    + + +        a - +0 robe
rPois   ∞            j - +0 helmet
rElec   .            (no cloak)
rCorr   .            (no gloves)
SInv    .            (no boots)
Will    .....        (no amulet)
Stlth   ++           d - ring of protection from cold
HPRegen 0.25/turn    f - ring of fire
MPRegen 0.12/turn

%: faith
@: no status effects
A: cold resistance 1, negative energy resistance 3, torment resistance 2, heat
vulnerability 1, in touch with death 1, no potions, faith
a: no special abilities


You were on level 3 of the Dungeon.
You visited 1 branch of the dungeon, and saw 3 of its levels.

You collected 137 gold pieces.
You spent 22 gold pieces at shops.

Inventory:

Hand Weapons
 i - a +0 quarterstaff (weapon)
Armour
 a - a +0 robe (worn)
 j - a +0 helmet (worn)
Jewellery
 d - a ring of protection from cold (left hand)
 f - a ring of fire (right hand)
Wands
 g - a wand of charming (7)
Scrolls
 b - a scroll of noise
 c - 2 scrolls of fog
 e - 4 scrolls of identify {@r1}
 h - a scroll of teleportation
 k - a scroll of enchant armour {unknown}


   Skills:
 + Level 2.0 Dodging
 + Level 2.0 Stealth
 * Level 4.0 Spellcasting
 * Level 3.8 Conjurations


You had one spell level left.
You knew the following spells:

 Your Spells              Type           Power      Damage    Failure   Level
a - Magic Dart            Conj           72%        1d6       2%          1
b - Fulminant Prism       Conj/Hex       5%         3d7       52%         4
c - Dazzling Flash        Conj/Hex       22%        N/A       19%         3
r - Searing Ray           Conj           36%        2d5       4%          2

Your spell library contained the following spells:

 Spells                   Type           Power      Damage    Failure   Level
 Iskenderun's Mystic Bla  Conj/Tloc      11%        2d4       52%         4


Dungeon Overview and Level Annotations

Branches:
Dungeon (3/15)

Altars:

Shops:
D:1 ([(?(   D:2 ?   D:3 =

Annotations:
D:3 1 runed translucent door, Crazy Yiuf, Sigmund


Innate Abilities, Weirdness & Mutations

You are immune to poison.
Your flesh is cold resistant. (rC+)
You are immune to negative energy. (rN+++)
You are immune to unholy pain and torment.
You are vulnerable to heat. (rF-)
You are in touch with the powers of death.
You do not drink.
You have a special connection with the divine. (Faith)


Message History

Your Spellcasting skill increases to level 4!
You now have 1/10 mp.
Unknown command.
You closely miss the orc.
The orc is heavily wounded.
The orc hits you with a +0 hand axe.
You take 2 damage, and have 28/30 hp.
You hit the orc but do no damage.
The orc is heavily wounded.
The orc hits you with a +0 hand axe. The orc barely misses you.
You take 4 damage, and have 24/30 hp.
You hit the orc but do no damage.
The orc is heavily wounded.
The orc hits you with a +0 hand axe. The orc completely misses you.
The orc wizard casts a spell.
The orc wizard flickers and vanishes!
Deactivating autopickup; reactivate with Ctrl-A.
You take 4 damage, and have 20/30 hp.
You hit the orc but do no damage.
The orc is heavily wounded.
The orc hits you with a +0 hand axe. The orc closely misses you.
The orc hits you with a +0 hand axe.
You take 5 damage, and have 15/30 hp.
You closely miss the orc.
The orc is heavily wounded.
The orc hits you with a +0 hand axe. Something hits you.
* * * LOW HITPOINT WARNING * * *
You take 7 damage, and have 8/30 hp.
MASSIVE DAMAGE!!
You barely miss the orc.
The orc is heavily wounded.
The orc barely misses you. Something hits you.
* * * LOW HITPOINT WARNING * * *
Your magical contamination has completely faded away.
You take 3 damage, and have 5/30 hp.
You closely miss the orc.
The orc is heavily wounded.
The orc hits you with a +0 hand axe.
* * * LOW HITPOINT WARNING * * *
Something hits you.
You die...

##. #. # #.
##. ###.
#...
#########...
#..#
#....>....#.
...
#.#######...
#.### #.#
#.## #o{@#
#.# #...
#)#o#####.#
#.## ..
#.......#
#.# ##
#######.#
#.#
#.#######.#
#.........#
###########


You could see 2 orcs.

Vanquished Creatures
  3 gnolls
  2 dart slugs
  An orc (D:3)
  3 endoplasms
  5 giant cockroaches
  2 goblins
  3 hobgoblins (D:1)
  2 jackals (D:3)
  5 ball pythons
  4 bats (D:3)
  8 frilled lizards
  3 kobolds
  4 rats
45 creatures vanquished.

Notes
Turn   | Place    | Note
-------+----------+-------------------------------------------
     0 | D:1      | Queen the Mummy Conjurer began the quest for the Orb.
     0 | D:1      | Reached XP level 1. HP: 13/13 MP: 4/4
    52 | D:1      | Found Hahesu's Weapon Shoppe.
   237 | D:1      | Reached skill level 3 in Spellcasting
   237 | D:1      | Reached XP level 2. HP: 19/19 MP: 1/6
   317 | D:1      | Learned a level 2 spell: Searing Ray
   370 | D:1      | Found Ibrubog's Antique Weapon Shoppe.
   556 | D:1      | Found Okhleq Uw Aly's Armour Boutique.
   611 | D:1      | Found Tiych's Antique Weapon Shoppe.
   717 | D:1      | Found Apazearph's Magic Scroll Boutique.
  2168 | D:2      | Found Itwuj's Magic Scroll Shop.
  2172 | D:2      | Bought a scroll of identify for 22 gold pieces
  2351 | D:3      | Reached XP level 3. HP: 24/24 MP: 3/7
  2355 | D:3      | Learned a level 3 spell: Dazzling Flash
  2500 | D:3      | Found a runed translucent door.
  2501 | D:3      | Noticed Crazy Yiuf
  2742 | D:3      | Noticed Sigmund
  2748 | D:3      | Found Budyaber's Jewellery Shop.
  2827 | D:3      | Reached XP level 4. HP: 23/30 MP: 6/9
  3246 | D:3      | Learned a level 4 spell: Fulminant Prism
  3310 | D:3      | Reached skill level 4 in Spellcasting
  3316 | D:3      | HP: 1/30 [orc/+0 hand axe (4)]
  3316 | D:3      | Slain by an orc wizard

Illustrated notes

Levels and vault maps discovered:
D:1:      spicycebolla_arrival_ecumenical, layout_basic, serial_shops, shop,
          shop, nicolae_shop_gibbet_a_chance, shop, shop,
          nicolae_figureground_sparkle
D:2:      layout_loops_ring, serial_shops, nicolae_shop_rolling_square
D:3:      layout_loops_cross, grunt_temple_overflow_open, serial_shops,
          nicolae_shop_hallway_plus, uniq_sigmund, uniq_crazy_yiuf_cottage

Skill      XL: |  1  2  3  4 |
---------------+-------------+-----
Spellcasting   | 3 4 |  4.0
Stealth        | 2 |  2.0
Dodging        | 2 |  2.0
Conjurations   | |  3.8

Action                     |  1- 3 |  4- 6 || total
---------------------------+-------+-------++-------
  Melee: Unarmed           |     7 |       ||     7
         Whip              |     1 |       ||     1
         Quarterstaff      |     4 |     8 ||    12
   Cast: Magic Dart        |    79 |    15 ||    94
         Searing Ray       |     3 |     1 ||     4
    Use: Scroll            |     3 |       ||     3
 Armour: Robe              |    17 |    11 ||    28
  Dodge: Dodged            |    10 |     7 ||    17

Table legend: (Time is in decaauts)
 A = Elapsed time spent in this place.
 B = Non-inter-level travel time spent in this place.
 C = Inter-level travel time spent in this place.
 D = Time resting spent in this place.
 E = Time spent auto-exploring this place.
 F = Levels seen in this place.
 G = Mean time per level.
                   A        B        C        D        E       F      G
               +--------+--------+--------+--------+--------+-----+--------+
         Total |   3321 |   3144 |    177 |    733 |   2029 |   3 | 1107.0 |
       Dungeon |   3321 |   3144 |    177 |    733 |   2029 |   3 | 1107.0 |
               +--------+--------+--------+--------+--------+-----+--------+

Top non-repeatable levels by time:
     D:1: 1311 daAuts
     D:2: 1140 daAuts
     D:3: 870 daAuts
